 Dungeon Crawl Stone Soup version 0.27-a0-1149-g4505690ab0 (webtiles) character file.

Game seed: 6367713551854685135

15766 Armakuni the Geomancer (level 12, -9/74 HPs)
             Began as a Human Hedge Wizard on May 13, 2021.
             Was a Believer of Vehumet.
             Mangled by an entropy weaver (10 damage)
             ... on level 3 of the Lair of Beasts.
             The game lasted 00:38:10 (15465 turns).

Armakuni the Geomancer (Human Hedge Wizard)        Turns: 15465, Time: 00:38:11

Health: -9/74      AC:  5    Str: 21    XL:     12   Next: 61%
Magic:  18/26      EV: 13    Int: 23    God:    Vehumet [**....]
Gold:   533        SH:  0    Dex: 19    Spells: 11/31 levels left

rFire    . . .     SeeInvis .   a - +1 trident (protect)
rCold    . . .     Faith    .   (no shield)
rNeg     . . .     Spirit   .   w - +1 robe of Socsef {*Slow Int+5}
rPois    .         Reflect  .   m - +0 helmet {Int+3}
rElec    .         Harm     .   (no cloak)
rCorr    .         Rampage  .   o - +0 pair of gloves
Will     .....                  (no boots)
Stlth    ++........             (no amulet)
HPRegen  0.22/turn              D - +6 ring of dexterity
MPRegen  0.20/turn              V - +6 ring of strength

@: brilliant, very slightly contaminated
A: no striking features
a: Renounce Religion


You were on level 3 of the Lair of Beasts.
You worshipped Vehumet.
Vehumet was pleased with you.
You visited 3 branches of the dungeon, and saw 12 of its levels.

You collected 632 gold pieces.
You spent 99 gold pieces at shops.

Inventory:

Hand Weapons
 a - a +1 trident of protection (weapon)
Missiles
 p - 8 curare-tipped darts
 C - a throwing net
Armour
 c - a +2 chain mail
 k - a +0 plate armour
 m - a +0 helmet of intelligence (worn)
 o - a +0 pair of gloves (worn)
 u - a +0 leather armour of fire resistance
 w - the +1 robe of Socsef (worn) {*Slow Int+5}
   (You found it on level 8 of the Dungeon)

   It affects your intelligence (+5).
   It may slow you when you take damage.
Jewellery
 D - a +6 ring of dexterity (left hand)
 J - a ring of ice
 V - a +6 ring of strength (right hand)
Wands
 f - a wand of flame (4)
Scrolls
 b - 2 scrolls of fog
 d - 2 scrolls of amnesia
 e - a scroll of vulnerability
 h - 8 scrolls of teleportation
 i - 3 scrolls of identify
 s - 2 scrolls of noise
 y - a scroll of immolation
 A - a scroll of enchant armour {unknown}
 B - a scroll of magic mapping
Potions
 g - a potion of brilliance
 j - a potion of curing
 l - a potion of heal wounds
 n - 3 potions of haste
 r - 2 potions of attraction
 v - 3 potions of cancellation
 x - a potion of invisibility
 z - a potion of degeneration {unknown}
Miscellaneous
 t - a tin of tremorstones (2/2)


   Skills:
 - Level 2.2 Dodging
 - Level 2.0 Stealth
 - Level 10.0 Spellcasting
 + Level 11.7 Conjurations
 - Level 1.0 Summonings
 - Level 1.0 Translocations
 + Level 11.8 Earth Magic


You had 11 spell levels left.
You knew the following spells:

 Your Spells              Type           Power      Damage    Failure   Level
b - Blink                 Tloc           N/A        N/A       5%          2
c - Mephitic Cloud        Conj/Pois/Air  44%        N/A       3%          3
m - Iskenderun's Mystic   Conj/Tloc      57%        2d12      4%          4
s - Iron Shot             Conj/Erth      39%        9d8       7%          6
z - Searing Ray           Conj           100%       3d7       1%          2
C - Conjure Flame         Conj/Fire      55%        6-21      1%          3

Your spell library contained the following spells:

 Spells                   Type           Power      Damage    Failure   Level
 Poisonous Vapours        Pois/Air       34%        N/A       9%          2
 Magic Dart               Conj           100%       1d8       1%          1
 Dazzling Flash           Conj/Hex       100%       N/A       1%          3
 Iskenderun's Battlesphe  Conj           78%        2d13      1%          5
 Fulminant Prism          Conj/Hex       27%        3d14      4%          4
 Petrify                  Tmut/Erth      55%        N/A       4%          4
 Call Imp                 Summ           24%        N/A       5%          2
 Bolt of Magma            Conj/Fire/Erth 32%        4d14      6%          5
 Slow                     Hex            17%        N/A       9%          2
 Gell's Gravitas          Tloc           12%        N/A       11%         3
 Confusing Touch          Hex            17%        N/A       17%         3
 Orb of Destruction       Conj           39%        9d13      36%         7
 Cause Fear               Hex            8%         N/A       50%         4
 Metabolic Englaciation   Hex/Ice        8%         N/A       83%         5
 Silence                  Hex/Air        8%         N/A       83%         5
 Yara's Violent Unravell  Hex/Tmut       8%         3d5       83%         5
 Spellforged Servitor     Conj/Summ      28%        N/A       98%         7
 Discord                  Hex            8%         N/A       100%        8


Dungeon Overview and Level Annotations

Branches:
Dungeon (8/15)             Temple (1/1) D:5            Lair (3/6) D:8
 Spider (0/4) Lair:3
  Swamp: Lair:2-4    Shoals: Lair:2-4

Altars:
Cheibriados
Dithmenos
Gozag
Hepliaklqana
Makhleb
Nemelex Xobeh
Okawaru
Qazlal
Ru
Sif Muna
Trog
Uskayaw
Vehumet
Wu Jian
Xom
Yredelemnul
Zin
The Shining One
Beogh

Shops:
D:3 *

Portals:
Abyss: D:8

Annotations:
D:5 1 runed translucent door, exclusion: door, PeterLawrence's ghost, novice MiFi
D:8 2 transporters, Thantalas's ghost, novice GrFE
Lair:1 3 runed translucent doors, Killmatronix's ghost, journeyman DgHu


Message History

Confirm with . or Enter, or press ? or * to list all spells.
Aiming: Iron Shot (dangerous; 7% risk of failure)
Press: ? - help, Shift-Dir - straight line, f - entropy weaver
Aim: an entropy weaver (67% to hit)
You feel a surge of power!
The iron shot hits the fire crab!!
The fire crab is heavily wounded.
The fire crab bites you!
You are engulfed in flames!
The fire crab misses you.
Casting: Iron Shot (dangerous; 7% risk of failure)
Confirm with . or Enter, or press ? or * to list all spells.
Aiming: Iron Shot (dangerous; 7% risk of failure)
Press: ? - help, Shift-Dir - straight line, f/p - entropy weaver
Aim: an entropy weaver (67% to hit)
You feel a surge of power!
The iron shot hits the fire crab!!
You kill the fire crab!
Vehumet accepts your kill.
You feel your power returning.
Casting: Iron Shot (dangerous; 7% risk of failure)
Confirm with . or Enter, or press ? or * to list all spells.
Aiming: Iron Shot (dangerous; 7% risk of failure)
Press: ? - help, Shift-Dir - straight line, f/p - entropy weaver
Aim: an entropy weaver (67% to hit)
You feel a surge of power!
The iron shot hits the entropy weaver!!!
The entropy weaver is heavily wounded.
The entropy weaver hits you. x2; The entropy weaver closely misses you.
The entropy weaver hits you. x3; The entropy weaver hits you!
* * * LOW HITPOINT WARNING * * *
The entropy weaver hits you.
* * * LOW HITPOINT WARNING * * *
Casting: Iron Shot (dangerous; 7% risk of failure)
Confirm with . or Enter, or press ? or * to list all spells.
Aiming: Iron Shot (dangerous; 7% risk of failure)
Press: ? - help, Shift-Dir - straight line, f/p - entropy weaver
Aim: an entropy weaver (heavily wounded, 67% to hit)
You feel a surge of power!
You miscast Iron Shot.
You are very lightly contaminated with residual magic.
Nothing appears to happen.
The entropy weaver hits you!
* * * LOW HITPOINT WARNING * * *
The entropy weaver hits you!
You die...

...#.# ...#.# ÷#
##.#.# .# #..#.# .#
##.#.# .# #..#.# .#
...#.# .#
.<.#.############B#
.#.#....†......÷@.#
###################


You could see an entropy weaver.

Vanquished Creatures
  An entropy weaver (Lair:3)
  A hydra (Lair:2)
  Nergalle (Lair:3)
  4 fire crabs (Lair:3)
  The ghost of qborf the Changer, a novice OpTm of Lugonu (D:7)
  An orb spider (Lair:3)
  2 black mambas
  A cane toad (Lair:3)
  A komodo dragon (Lair:1)
  3 rime drakes
  5 blink frogs (Lair:3)
  A wyvern (Lair:3)
  29 yaks
  Sigmund (D:5)
  2 basilisks (Lair:3)
  Menkaure (D:4)
  5 water moccasins
  An orc warrior (D:7)
  3 ice beasts
  3 sky beasts
  An ogre (D:5)
  A necrophage (D:7)
  A phantom (D:6)
  A kobold brigand (D:8)
  4 bullfrogs
  A wyvern zombie (D:8)
  A scorpion (D:4)
  A wyvern skeleton (D:7)
  A water moccasin skeleton (D:6)
  2 jellies
  4 howler monkeys
  An electric eel (D:6)
  A bullfrog zombie (D:5)
  An orc priest (D:7)
  6 hounds
  A gnoll shaman (D:8)
  An iguana (D:4)
  3 orc wizards
  2 howler monkey zombies
  8 gnolls
  8 adders
  2 ufetubi (D:6)
  2 worms
  2 dart slugs
  19 orcs
  7 ball pythons
  2 bats
  2 endoplasms
  5 giant cockroaches
  10 goblins
  7 hobgoblins
  5 jackals
  7 quokkas
  3 frilled lizards
  13 kobolds
  5 rats
208 creatures vanquished.

Vanquished Creatures (others)
  10 fungi
  3 plants
13 creatures vanquished.

Grand Total: 221 creatures vanquished

Notes
Turn   | Place    | Note
-------+----------+-------------------------------------------
     0 | D:1      | Armakuni the Human Hedge Wizard began the quest for the
                  | Orb.
     0 | D:1      | Reached XP level 1. HP: 13/13 MP: 4/4
   270 | D:1      | Reached XP level 2. HP: 18/19 MP: 0/6
   743 | D:1      | Found a faded altar of an unknown god.
  1289 | D:1      | Reached XP level 3. HP: 13/24 MP: 1/7
  1840 | D:1      | Learned a level 3 spell: Mephitic Cloud
  1843 | D:1      | Learned a level 2 spell: Blink
  2382 | D:2      | Reached XP level 4. HP: 30/30 MP: 0/8
  2666 | D:3      | Learned a level 3 spell: Conjure Flame
  2734 | D:3      | Reached XP level 5. HP: 35/35 MP: 6/10
  3457 | D:3      | Noticed a sky beast
  3472 | D:3      | Killed a sky beast
  3473 | D:3      | Reached XP level 6. HP: 41/41 MP: 6/12
  3634 | D:3      | Found Pimil's General Store.
  3642 | D:3      | Bought 8 curare-tipped darts for 57 gold pieces
  3642 | D:3      | Bought a scroll of fear for 42 gold pieces
  4363 | D:4      | Reached skill level 5 in Conjurations
  4903 | D:4      | Reached XP level 7. HP: 43/46 MP: 6/14
  5003 | D:4      | Reached skill level 5 in Spellcasting
  5073 | D:4      | Noticed Menkaure
  5097 | D:4      | Killed Menkaure
  5640 | D:5      | Entered Level 5 of the Dungeon
  5658 | D:5      | Noticed Sigmund
  5665 | D:5      | Killed Sigmund
  5666 | D:5      | Reached XP level 8. HP: 52/52 MP: 7/16
  6134 | D:5      | Found a runed translucent door.
  6136 | D:5      | Noticed PeterLawrence's ghost (novice MiFi)
  6703 | D:5      | Found a staircase to the Ecumenical Temple.
  6760 | Temple   | Entered the Ecumenical Temple
  6768 | Temple   | Became a worshipper of Vehumet
  7449 | D:6      | Learned a level 6 spell: Iron Shot
  7911 | D:6      | Reached XP level 9. HP: 47/57 MP: 19/19
  8853 | D:7      | Found a runed translucent gate.
  9137 | D:7      | Found a runed translucent gate.
  9138 | D:7      | Found a runed translucent gate.
  9138 | D:7      | Noticed qborf's ghost (novice OpTm)
  9160 | D:7      | Learned a level 2 spell: Searing Ray
  9199 | D:7      | Killed qborf's ghost
  9328 | D:7      | Identified the +1 helmet of Grace {Harm *Corrode Regen+}
  9424 | D:7      | Noticed a manticore
  9427 | D:7      | Noticed an eight-headed hydra
  9429 | D:7      | Noticed a skeletal warrior
  9500 | D:7      | Learned a level 4 spell: Iskenderun's Mystic Blast
  9732 | D:8      | Reached * piety under Vehumet
  9732 | D:8      | Offered knowledge of Freeze by Vehumet.
 10027 | D:8      | Identified the +1 robe of Socsef {*Slow Int+5}
 10075 | D:8      | Reached XP level 10. HP: 63/63 MP: 17/22
 10090 | D:8      | Reached skill level 10 in Conjurations
 10196 | D:8      | Found a one-way gate to the infinite horrors of the Abyss.
 10197 | D:8      | Found a transporter.
 10209 | D:8      | Found a transporter.
 10218 | D:8      | Noticed Thantalas's ghost (novice GrFE)
 10805 | D:8      | Found a staircase to the Lair.
 10953 | Lair:1   | Entered Level 1 of the Lair of Beasts
 10960 | Lair:1   | Noticed a komodo dragon
 10978 | Lair:1   | Killed a komodo dragon
 10978 | Lair:1   | Noticed a black mamba
 10979 | Lair:1   | Reached skill level 10 in Spellcasting
 11057 | Lair:1   | Noticed a minotaur
 11060 | Lair:1   | Noticed Killmatronix's ghost (journeyman DgHu)
 11062 | Lair:1   | Killed a black mamba
 11063 | Lair:1   | Reached skill level 5 in Earth Magic
 11076 | Lair:1   | Noticed a five-headed hydra
 11170 | Lair:1   | Noticed a rime drake
 11174 | Lair:1   | Killed a rime drake
 11174 | Lair:1   | Reached ** piety under Vehumet
 11174 | Lair:1   | Offered knowledge of Static Discharge by Vehumet.
 11319 | Lair:1   | Reached XP level 11. HP: 48/68 MP: 16/25
 11733 | Lair:1   | Found a runed translucent gate.
 11733 | Lair:1   | Found a runed translucent gate.
 11733 | Lair:1   | Found a runed translucent gate.
 12272 | Lair:2   | Noticed an eight-headed hydra
 12283 | Lair:2   | Killed an eight-headed hydra
 13410 | Lair:3   | Reached skill level 10 in Earth Magic
 13492 | Lair:3   | Found a runed translucent door.
 13496 | Lair:3   | Noticed a fire crab
 13512 | Lair:3   | Found a hole to the Spider Nest.
 13512 | Lair:3   | Noticed an orb spider
 13521 | Lair:3   | Killed an orb spider
 13962 | Lair:3   | Reached XP level 12. HP: 58/74 MP: 19/26
 14643 | Lair:3   | Noticed Nergalle
 14957 | Lair:3   | Killed Nergalle
 15070 | Lair:3   | Killed a fire crab
 15132 | Lair:3   | Noticed a fire crab
 15132 | Lair:3   | Noticed an entropy weaver
 15134 | Lair:3   | Killed a fire crab
 15274 | Lair:3   | Killed an entropy weaver
 15274 | Lair:3   | Offered knowledge of Poisonous Vapours by Vehumet.
 15275 | Lair:3   | Noticed a fire crab
 15279 | Lair:3   | Killed a fire crab
 15450 | Lair:3   | Noticed an entropy weaver
 15450 | Lair:3   | Noticed a fire crab
 15463 | Lair:3   | Killed a fire crab
 15465 | Lair:3   | HP: 1/74 [entropy weaver (11)]
 15465 | Lair:3   | Mangled by an entropy weaver

Illustrated notes

Levels and vault maps discovered:
D:1:      dpeg_arrival_arbitrary_b, layout_basic, ebering_ecumenical_altar_mist
D:2:      layout_basic
D:3:      minmay_inner_zag, layout_rooms, serial_shops, shop,
          grunt_decor_clamped
D:4:      minmay_general_purpose_star, layout_gridville,
          chequers_serial_rivers_micro_b, st_stairs_6, minivault_27,
          uniq_menkaure
D:5:      layout_basic, minmay_temple_entry_metal_lava,
          ebering_ghost_reflecting_pool, eino_small_chamber_without_monster,
          minmay_fountain_box, uniq_sigmund
D:6:      layout_basic, kennysheep_flooded_box
D:7:      minmay_cornered_nines, layout_cave_pods,
          chequers_temple_overflow_statue_of_worship,
          biasface_ghost_orc_armoury, serial_column_ruins, column_ruins_hut,
          column_ruins_hut, column_ruins_grid_1, column_ruins_columns_water,
          column_ruins_columns_corner, column_ruins_open_large,
          column_ruins_grid_1, minmay_a_box_with_orc_wizards_in_it
D:8:      layout_loops_corners, lair_entry_dummy, gammafunk_ghost_abyssal_escape
Temple:   eino_narrow_crystal_temple
Lair:1:   layout_chaotic_city, maelrawn_ghost_gauntlet_escape
Lair:2:   layout_cave_pods, serial_bayou_pond_a, chequers_serial_rivers_micro_d,
          infiniplex_staircase_pool_2, lemuel_fruit_tree
Lair:3:   gammafunk_mikee_crab_dinner, layout_regular_city,
          nicolae_spider_entry_orb_guardian, infiniplex_staircase_pool,
          uniq_nergalle

Skill      XL: |  1  2  3  4  5  6  7  8  9 10 11 12 |
---------------+-------------------------------------+-----
Conjurations   | 2 3 4 5 6 7 9 10 11 | 11.7
Spellcasting   | 4 5 7 8 10 | 10.0
Earth Magic    | 6 10 11 | 11.8
Dodging        | |  2.2
Stealth        | |  2.0
Summonings     | |  1.0
Translocations | |  1.0

Action                   |  1- 3 |  4- 6 |  7- 9 | 10-12 || total
-------------------------+-------+-------+-------+-------++-------
Melee: Dagger            |     8 |    22 |       |       ||    30
       Trident           |       |    22 |   101 |     8 ||   131
Throw: Dart              |       |       |     1 |       ||     1
 Cast: Magic Dart        |    91 |   119 |   105 |       ||   315
       Conjure Flame     |       |     1 |     7 |     4 ||    12
       Mephitic Cloud    |       |     3 |    12 |     4 ||    19
       Searing Ray       |       |       |    18 |    61 ||    79
       Iskenderun's Myst |       |       |       |    13 ||    13
       Iron Shot         |       |       |       |    16 ||    16
Evoke: Wand              |       |       |     4 |     3 ||     7
  Use: Scroll            |     8 |     3 |     9 |     2 ||    22
       Potion            |       |     1 |     2 |     3 ||     6
 Stab: Confused          |       |     2 |     8 |       ||    10
       Sleeping          |       |       |     2 |       ||     2
Armor: Robe              |    12 |    15 |    24 |     7 ||    58
       Skin              |       |       |     7 |       ||     7
Dodge: Dodged            |    32 |    44 |    43 |    45 ||   164

Table legend: (Time is in decaauts)
 A = Elapsed time spent in this place.
 B = Non-inter-level travel time spent in this place.
 C = Inter-level travel time spent in this place.
 D = Time resting spent in this place.
 E = Time spent auto-exploring this place.
 F = Levels seen in this place.
 G = Mean time per level.
                   A        B        C        D        E       F      G
               +--------+--------+--------+--------+--------+-----+--------+
         Total |  15520 |  14876 |    644 |   4175 |   8244 |  12 | 1293.3 |
       Dungeon |  10889 |  10367 |    522 |   2885 |   5751 |   8 | 1361.1 |
        Temple |    179 |    166 |     13 |      0 |    157 |   1 |  179.0 |
          Lair |   4451 |   4343 |    108 |   1290 |   2336 |   3 | 1483.7 |
               +--------+--------+--------+--------+--------+-----+--------+

Top non-repeatable levels by time:
  Lair:3: 1931 daAuts
     D:6: 1797 daAuts
     D:3: 1608 daAuts
     D:4: 1582 daAuts
  Lair:2: 1518 daAuts
     D:1: 1483 daAuts
     D:8: 1376 daAuts
     D:2: 1179 daAuts
  Lair:1: 1001 daAuts
     D:5: 969 daAuts
     D:7: 891 daAuts
  Temple: 179 daAuts
